 Dungeon Sprint DCSS version 0.30.1-11-g7821555f0a (webtiles) character file.

Game seed: 2446607164429496816

70 Heoruswealwe the Poker (level 4, -11/44 HPs)
             Began as a Minotaur Fighter on Jan 2, 2024.
             Killed from afar by an acid dragon (19 damage)
             ... with a splash of acid
             ... in the Dungeon (Sprint IX: "|||||||||||||||||||||||||||||").
             The game lasted 00:00:53 (91 turns).

Heoruswealwe the Poker (Minotaur Fighter)             Turns: 91, Time: 00:00:54

Health: -11/44     AC:  7    Str: 22    XL:     4   Next: 4%
Magic:  3/3        EV:  9    Int:  5    God:
Gold:   0          SH:  4    Dex: 10    Spells: 3/3 levels left

rFire   . . .        a - +0 trident
rCold   . . .        d - +0 buckler
rNeg    . . .        c - +0 scale mail
rPois   .            (helmet restricted)
rElec   .            (no cloak)
rCorr   .            (no gloves)
SInv    .            (no boots)
Will    .....        (no amulet) Stlth
                     (no ring)
HPRegen 0.27/turn    (no ring)
MPRegen 0.08/turn

%: no teleportation
@: no status effects
A: horns 2, retaliatory headbutt
a: no special abilities


You were in the Dungeon.
You visited 1 branch

Inventory:

Hand Weapons
 a - a +0 trident (weapon)
Armour
 c - a +0 scale mail (worn)
 d - a +0 buckler (worn)
Jewellery
 m - a +3 ring of strength
 n - a +2 ring of evasion
Wands
 l - a wand of iceblast (10)
Scrolls
 j - 2 scrolls of blinking
 k - 2 scrolls of amnesia
Potions
 b - a potion of might
 e - 5 potions of curing
 f - a potion of invisibility
 g - a potion of haste
 h - 2 potions of heal wounds
 i - a potion of berserk rage


   Skills:
 + Level 5.9 Fighting
 * Level 7.1 Polearms
 + Level 5.9 Armour
 - Level 3.6 Shields


You had 3 spell levels left.
You didn't know any spells.
Your spell library was empty.

Dungeon Overview and Level Annotations

Branches:
Dungeon (1/1)

Altars:
Cheibriados
Dithmenos
Elyvilon
Fedhas
Gozag
Hepliaklqana
Kikubaaqudgha
Makhleb
Nemelex Xobeh
Okawaru
Qazlal
Ru
Sif Muna
Trog
Uskayaw
Vehumet
Wu Jian
Xom
Yredelemnul
Zin
The Shining One
Jiyva
Lugonu


Innate Abilities, Weirdness & Mutations

You have a pair of horns on your head.
You reflexively headbutt those who attack you in melee.


Message History

There is an ornate altar of the Wu Jian Council here.
There is a shimmering altar of Xom here.
There is a basalt altar of Yredelemnul here.
There is a glowing silver altar of Zin here.
There is a glowing golden altar of the Shining One here.
You open the door.
Found five items.
Found a +0 plate armour.
There is an open door here.
Found a +3 ring of strength.
f - a potion of invisibility;
h - 2 potions of heal wounds
e - 5 potions of curing (gained 4)
You see here 2 potions of magic.
Found a +2 ring of evasion.
k - 2 scrolls of amnesia;
j - 2 scrolls of blinking (gained 1)
l - a wand of iceblast (10)
Items here: )))))).
Okay, then.
You see here a +0 helmet.
You see here a +0 cloak.
You see here a +0 plate armour.
m - a +3 ring of strength
n - a +2 ring of evasion You open the door.
An acid dragon, an orc warrior, 3 yaks and a troll come into view.
The acid dragon roars!
The yak bellows! x3; The troll shouts!
You puncture the acid dragon!
You headbutt the acid dragon, but do no damage.
The acid dragon is moderately wounded.
The orc warrior hits you from afar with a +0 trident!
* * * LOW HITPOINT WARNING * * *
The acid dragon bites you.
* * * LOW HITPOINT WARNING * * *
The acid dragon completely misses you.
You puncture the acid dragon!
The acid dragon is severely wounded.
The orc warrior closely misses you. The acid dragon spits acid at you.
The splash of acid hits you!!
You die...

▓!▓
▓.▓
▓)▓
▓.▓
▓[▓
▓[▓
▓[▓
▓.▓
▓@▓
▓D▓
▓o▓
▓Y▓
▓Y▓
▓Y▓
▓.▓
▓T▓


You could see 3 yaks, a troll, an orc warrior and an acid dragon (catching
breath).

Vanquished Creatures
  A hound (D)
  A sleepcap (D)
  A white imp (D)
  An orc (D)
  A bat (D)
  An endoplasm (D)
  A quokka (D)
  A ball python (D)
  2 frilled lizards (D)
10 creatures vanquished.

Notes
Turn   | Place    | Note
-------+----------+-------------------------------------------
     0 | D        | Heoruswealwe the Minotaur Fighter began the quest for the
                  | Orb.
     0 | D        | Reached XP level 1. HP: 19/19 MP: 0/0
     7 | D        | Reached skill level 3 in Polearms
    18 | D        | Noticed a hound
    18 | D        | Noticed a sleepcap
    24 | D        | Killed a hound
    25 | D        | Reached skill level 5 in Fighting
    25 | D        | Reached skill level 5 in Polearms
    25 | D        | Reached skill level 5 in Armour
    25 | D        | Reached XP level 2. HP: 6/29 MP: 1/1
    25 | D        | Reached XP level 3. HP: 7/36 MP: 2/2
    32 | D        | Reached skill level 6 in Polearms
    39 | D        | Reached skill level 7 in Polearms
    39 | D        | Reached XP level 4. HP: 6/44 MP: 3/3
    47 | D        | Found a snail-covered altar of Cheibriados.
    47 | D        | Found a shadowy altar of Dithmenos.
    47 | D        | Found a white marble altar of Elyvilon.
    47 | D        | Found a blossoming altar of Fedhas.
    47 | D        | Found an opulent altar of Gozag.
    48 | D        | Found a hazy altar of Hepliaklqana.
    49 | D        | Found a viscous altar of Jiyva.
    50 | D        | Found an ancient bone altar of Kikubaaqudgha.
    51 | D        | Found a corrupted altar of Lugonu.
    52 | D        | Found a burning altar of Makhleb.
    53 | D        | Found a sparkling altar of Nemelex Xobeh.
    54 | D        | Found an iron altar of Okawaru.
    55 | D        | Found a stormy altar of Qazlal.
    56 | D        | Found a sacrificial altar of Ru.
    57 | D        | Found a shimmering blue altar of Sif Muna.
    58 | D        | Found a bloodstained altar of Trog.
    59 | D        | Found a hide-covered altar of Uskayaw.
    60 | D        | Found a radiant altar of Vehumet.
    61 | D        | Found an ornate altar of the Wu Jian Council.
    62 | D        | Found a shimmering altar of Xom.
    63 | D        | Found a basalt altar of Yredelemnul.
    64 | D        | Found a glowing silver altar of Zin.
    65 | D        | Found a glowing golden altar of the Shining One.
    73 | D        | Found the +8 autumn katana {manifold assault}
    89 | D        | Noticed an acid dragon
    89 | D        | Noticed an orc warrior
    89 | D        | Noticed a yak
    89 | D        | Noticed a yak
    89 | D        | Noticed a yak
    89 | D        | Noticed a troll
    91 | D        | Killed from afar by an acid dragon

Illustrated notes

Levels and vault maps discovered:
D:        linesprint [early_d, line_temple, items_1, d_10, items_2, lair_1,
          lair_end, items_3, orc_1, orc_end, items_4, d_15, swamp_1, shoals_1,
          snake_1, spider_1, d_20, vaults_1, items_5, swamp_end, shoals_end,
          snake_end, spider_end, vaults_end, d_27, items_6, zot_1, zot_end,
          crypt_end, forest_end, elf_end, slime_end, tomb_end, abyss_end,
          pan_hell_end]

Skill      XL: |  1  2  3 |
---------------+----------+-----
Polearms       | 5 7 |  7.1
Fighting       | 5 |  5.9
Armour         | 5 |  5.9
Shields        | |  3.6

Action                     |  1- 3 |  4- 6 || total
---------------------------+-------+-------++-------
  Melee: Trident           |    25 |     5 ||    30
         Headbutt          |     3 |     1 ||     4
    Use: Potion            |     1 |       ||     1
 Armour: Scale mail        |    10 |     1 ||    11
  Dodge: Dodged            |     6 |     2 ||     8
  Block: Buckler           |     2 |     1 ||     3
